AoeStats
← El Pizu

Nomad

505291228Analyzed
2v2 RM · 25d ago on Sep 8, 2026· 53m 23s· 4 players
Game mode
Random Map
Map size
176×176
Population
200
Speed
Normal
Resources
Standard
Victory
Conquest
Starting age
Dark Age
Ending age
Imperial Age
RankedLock teamsTeams togetherTeam positionsShared explorationLock speedFull tech treeHidden civsTurbo modeCheats
Victory
Defeat
🇰🇿 Vietnamese · Kazakhstan
1260
+17
🇲🇽 Huns · Mexico
1255
+17
🇦🇷 Italians · Argentina
1285
-17
🇦🇷 Spanish · Argentina
1274
-17
neto_leo15
4:25 Loom
12:07 Feudal Age
12:40 Double-Bit Axe
20:03 Castle Age
23:10 Fletching
25:11 Bodkin Arrow
41:55 Gold Mining
41:55 Stone Mining
45:32 Elite Skirmisher
52:19 Town Watch
botik
4:28 Loom
13:37 Feudal Age
15:30 Wheelbarrow
14:41 Double-Bit Axe
15:04 Town Watch
17:43 Fishing Lines
20:57 Castle Age
20:36 Fletching
20:47 Padded Archer Armor
22:21 Medium Warships
21:41 Crossbowman
23:05 Thumb Ring
26:26 Horse Collar
26:56 Bow Saw
30:35 Gillnets
30:50 Bodkin Arrow
31:10 Leather Archer Armor
31:27 Gold Mining
38:46 Imperial Age
37:13 Hand Cart
37:39 Ballistics
40:40 Chemistry
39:50 Treadmill Crane
40:46 Bracer
41:16 Ring Archer Armor
40:12 Elite Skirmisher
41:24 Stone Mining
40:57 Imperial Skirmisher
41:54 Husbandry
43:30 Bloodlines
42:41 Light Cavalry
44:42 Heavy Warships
43:52 Arbalester
46:12 Heavy Plow
49:32 Scale Barding Armor
49:41 Forging
52:00 Chain Barding Armor
El Pizu
3:39 Loom
15:03 Feudal Age
18:33 Castle Age
17:12 Stone Mining
18:42 Fletching
20:12 Bodkin Arrow
26:01 Double-Bit Axe
30:23 Wheelbarrow
32:59 Wheelbarrow
33:50 Masonry
36:53 Imperial Age
34:33 Padded Archer Armor
36:45 Elite Skirmisher
39:18 Chemistry
40:00 Town Watch
40:55 Ballistics
44:48 Conscription
45:58 Leather Archer Armor
48:50 Gold Mining
El Pacha
3:30 Loom
14:08 Feudal Age
14:57 Double-Bit Axe
18:36 Town Watch
21:02 Castle Age
19:29 Fletching
20:06 Gold Mining
20:36 Fishing Lines
22:10 Medium Warships
22:02 Bodkin Arrow
22:44 Bow Saw
26:45 Wheelbarrow
26:25 Padded Archer Armor
29:04 Leather Archer Armor
34:16 Ballistics
37:53 Imperial Age
37:40 Murder Holes
40:35 Chemistry
40:40 Conscription
40:49 Thumb Ring
40:56 Horse Collar
Connection lost

Rejoining the realm…

Still unreachable

The connection could not be restored.

Session expired

The server has moved on; the page needs a fresh start.